 Dungeon Crawl Stone Soup version 0.27.1-3-gb3d3a73c9e (webtiles) character file.

Game seed: 230861503617029781

261 CuBeRJAN3 the Conjurer (level 5, -4/45 HPs)
             Began as a Draconian Conjurer on Oct 22, 2021.
             Was an Initiate of Sif Muna.
             Splashed by Ijyb's acid (16 damage)
             ... on level 4 of the Dungeon.
             The game lasted 00:11:17 (3779 turns).

CuBeRJAN3 the Conjurer (Draconian Conjurer)         Turns: 3779, Time: 00:11:17

Health: -4/45      AC:  2    Str:  9    XL:     5   Next: 96%
Magic:  10/10      EV: 16    Int: 19    God:    Sif Muna [......]
Gold:   175        SH:  0    Dex: 10    Spells: 7/10 levels left

rFire    + . .     SeeInvis .   (no weapon)
rCold    + . .     Faith    .   (no shield)
rNeg     . . .     Spirit   .   (armour unavailable)
rPois    .         Reflect  .   (helmet restricted)
rElec    .         Harm     .   b - scarf {rC+ rF+}
rCorr    .         Rampage  .   (no gloves)
Will     .....                  f - +0 pair of boots
Stlth    ++........             d - amulet of magic regeneration
HPRegen  0.15/turn              m - +4 ring of evasion
MPRegen  0.37/turn              (no ring)

@: corroded
A: AC +5, unfitting armour, cold-blooded
a: Renounce Religion


You were on level 4 of the Dungeon.
You worshipped Sif Muna.
Sif Muna was noncommittal.
You visited 1 branch of the dungeon, and saw 4 of its levels.

You collected 175 gold pieces.

Inventory:

Armour
 b - a scarf of resistance (worn)
 f - a +0 pair of boots (worn)
Jewellery
 d - an amulet of magic regeneration (around neck)
 h - an amulet of regeneration
 m - a +4 ring of evasion (left hand)
Scrolls
 g - 2 scrolls of teleportation
 j - a scroll of noise
 k - a scroll of magic mapping
 o - a scroll of amnesia {unknown}
 p - a scroll of holy word {unknown}
Potions
 a - 3 potions of lignification
 c - a potion of curing {unknown}
 e - a potion of attraction {unknown}
 i - a potion of degeneration {unknown}
 l - a potion of might {unknown}
 n - a potion of resistance {unknown}
 q - a potion of haste {unknown}


   Skills:
 * Level 3.1 Fighting
 + Level 2.5 Dodging
 + Level 2.6 Stealth
 * Level 3.3 Spellcasting
 * Level 4.9 Conjurations


You had 7 spell levels left.
You knew the following spells:

 Your Spells              Type           Power      Damage    Failure   Level
a - Magic Dart            Conj           88%        1d7       1%          1
b - Searing Ray           Conj           44%        3d4       3%          2

Your spell library contained the following spells:

 Spells                   Type           Power      Damage    Failure   Level
 Dazzling Flash           Conj/Hex       24%        N/A       16%         3
 Mephitic Cloud           Conj/Pois/Air  9%         N/A       22%         3
 Gell's Gravitas          Tloc           1%         N/A       41%         3
 Ignite Poison            Fire/Tmut/Pois 3%         N/A       41%         3
 Lesser Beckoning         Tloc           1%         N/A       41%         3
 Teleport Other           Tloc           3%         N/A       41%         3
 Fulminant Prism          Conj/Hex       6%         3d7       47%         4
 Iskenderun's Mystic Bla  Conj/Tloc      12%        2d5       47%         4
 Bolt of Magma            Conj/Fire/Erth 4%         4d5       91%         5


Dungeon Overview and Level Annotations

Branches:
Dungeon (4/15)
 Temple: D:4-7

Altars:
Cheibriados
Nemelex Xobeh
Okawaru
Sif Muna

Annotations:
D:2 Sigmund
D:4 Ijyb


Innate Abilities, Weirdness & Mutations

Your plain brown scales are hard. (AC +5)
You cannot fit into any form of body armour.
You are cold-blooded and may be slowed by cold attacks.


Message History

The searing ray hits Blork the orc.
Blork the orc is heavily wounded.
The searing ray hits Blork the orc.
Blork the orc is severely wounded.
You finish channeling your searing ray.
Casting: Searing Ray (safe; 3% risk of failure)
Confirm with . or Enter, or press ? or * to list all spells.
Aiming: Searing Ray (safe; 3% risk of failure)
Press: ? - help, Shift-Dir - straight line, f/p - Blork the orc
Aim: Blork the orc, wielding a +2 short sword of holy wrath and wearing a +0 robe (severely wounded, 81% to hit)
The searing ray hits Blork the orc.
Blork the orc is almost dead. (Press . to maintain the ray.) Blork the orc closely misses you.
The searing ray hits Blork the orc.
You kill Blork the orc!
Sif Muna accepts your kill.
Your Fighting skill increases to level 3!
Things that are here:
a +2 short sword of holy wrath; a +0 robe You start resting.
Magic restored.
Found 14 poisoned darts.
You now have 175 gold pieces (gained 10).
You see here 14 poisoned darts.
A hobgoblin and Ijyb come into view.
Ijyb is wielding a +0 club and carrying a wand of acid (8).
The hobgoblin shouts!
Ijyb shouts!
You hear a shout!
Ijyb screams, "I no like you!"
Okay, then.
A ball python comes into view.
The ball python moves out of view.
Ijyb screams, "Me kill you!"
Ijyb zaps a wand.
The bolt of acid hits you! The acid corrodes you!
You are splashed with acid!
A giant cockroach and a hobgoblin come into view.
Ijyb zaps a wand.
The bolt of acid hits you!
* * * LOW HITPOINT WARNING * * *
You are splashed with acid!
You die...

....... #.##....#
........##.##....#######
........................
.........#.##....#####.#
........##.##....#
........g#.##....#
.......g.........###
g...........)........
.......@...####.......
.......<..........##..
.B.........####..... .
..................##.
...........#####...
...........# .#.
............#
............#
.............#


You could see Ijyb, a giant cockroach and 2 hobgoblins.

Vanquished Creatures
  Blork the orc (D:4)
  A bullfrog zombie (D:4)
  A hound skeleton (D:4)
  8 gnolls
  An adder (D:4)
  A worm (D:3)
  A dart slug (D:1)
  5 ball pythons
  4 endoplasms
  3 giant cockroaches
  7 goblins
  4 hobgoblins
  3 jackals (D:1)
  8 kobolds
  5 quokkas
  4 bats
  2 frilled lizards
  3 rats
62 creatures vanquished.

Notes
Turn   | Place    | Note
-------+----------+-------------------------------------------
     0 | D:1      | CuBeRJAN3 the Draconian Conjurer began the quest for the
                  | Orb.
     0 | D:1      | Reached XP level 1. HP: 14/14 MP: 3/3
   294 | D:1      | Reached XP level 2. HP: 20/22 MP: 0/5
   597 | D:1      | Found a faded altar of an unknown god.
   693 | D:1      | Reached skill level 1 in Fighting
  1399 | D:2      | Reached XP level 3. HP: 28/28 MP: 4/6
  1402 | D:2      | Learned a level 2 spell: Searing Ray
  1418 | D:2      | Noticed Sigmund
  1532 | D:2      | Noticed a black bear
  1843 | D:2      | You fall into a shaft and drop 1 floor!
  2574 | D:3      | Found a shimmering blue altar of Sif Muna.
  2692 | D:3      | Found a sparkling altar of Nemelex Xobeh.
  2713 | D:3      | Became a worshipper of Sif Muna the Loreminder
  3108 | D:3      | Reached XP level 4. HP: 36/36 MP: 2/7
  3173 | D:3      | Found a snail-covered altar of Cheibriados.
  3588 | D:4      | Found an iron altar of Okawaru.
  3597 | D:4      | Reached XP level 5. HP: 42/42 MP: 5/9
  3723 | D:4      | Noticed Blork the orc
  3731 | D:4      | Killed Blork the orc
  3771 | D:4      | Noticed Ijyb
  3779 | D:4      | Splashed by Ijyb's acid

Illustrated notes

Levels and vault maps discovered:
D:1:      dpeg_arrival_short_road, layout_loops_ring, serial_glass,
          glass_columns_c, glass_columns_c, hellmonk_ecumenical_altar_run_dry,
          minmay_close_crescents
D:2:      layout_basic, lightli_corner_chamber, uniq_sigmund
D:3:      layout_basic, mainiacjoe_overflow_catwalk_spiral,
          mainiacjoe_overflow_brackets
D:4:      layout_basic, okawaru_gym_becter, uniq_blork_the_orc, uniq_robin,
          uniq_ijyb

Skill      XL: |  1  2  3  4  5 |
---------------+----------------+-----
Fighting       | 1 2 3 |  3.1
Stealth        | 2 |  2.6
Dodging        | 2 |  2.5
Spellcasting   | 3 |  3.3
Conjurations   | |  4.9

Action                   |  1- 3 |  4- 6 || total
-------------------------+-------+-------++-------
Melee: Unarmed           |     1 |       ||     1
 Cast: Magic Dart        |    95 |    30 ||   125
       Searing Ray       |     2 |     7 ||     9
  Use: Scroll            |     4 |       ||     4
Armor: Skin              |    15 |     3 ||    18
Dodge: Dodged            |    41 |    14 ||    55
